Map: Lerilak Crest

Players

LilDicky - Winner!

  • Race: Terran Terran
  • League: Diamond

Dutchy

  • Race: Protoss Protoss
  • League: Platinum

VOD

http://www.twitch.tv/tumescentpie

Description

Time

  • Played on: Nov. 28, 2015, 3:10 a.m.
  • Length: 5:36
Show
View Real Time Build Order
Export as new Build Order

LilDicky Terran - Winner!

Build Orders: MMM Bio 

Get SALT Encoding   

  12  0:01  SCV  
  13  0:13  SCV  
  14  0:20  Supply Depot  
  14  0:25  SCV  
  15  0:29  Refinery  
  15  0:42  SCV  
  16  0:46  Barracks  
  16  0:54  SCV  
  17  1:06  SCV  
  18  1:25  SCV  
  19  1:36  Supply Depot, Marine  
  19  1:38  Orbital Command  
  20  1:48  Factory  
  20  1:56  Marine  
  21  2:03  Barracks  
  21  2:04  SCV  
  22  2:14  Barracks  
  22  2:16  Barracks Reactor  
  22  2:29  SCV  
  23  2:33  Refinery  
  23  2:41  SCV  
  24  2:45  Supply Depot  
  24  2:46  Widow Mine  
  25  2:52  Barracks Tech Lab  
  25  2:53  SCV  
  26  3:02  Barracks Tech Lab  
  26  3:03  Marine x2  
  28  3:05  SCV  
  28  3:12  Marine  
  30  3:14  Stimpack, Widow Mine  
  32  3:20  Marine  
  33  3:27  Marauder  
  33  3:28  Combat Shields  
  33  3:29  Marine  
  33  3:30  Marine  
  37  3:37  Supply Depot  
  37  3:52  Marauder  
  39  3:58  Marine x2  
  39  3:59  Marauder  
  39  4:02  SCV  
  44  4:04  Starport  
  44  4:14  SCV  
  43  4:19  Marine  
  43  4:20  Marauder  
  46  4:25  Marauder  
  46  4:29  Marine  
  47  4:42  Marauder, Marine  
  50  4:46  Marine  
  45  5:08  Marine x2  
  45  5:09  Marauder  
Show
View Real Time Build Order
Export as new Build Order

Dutchy Protoss 

Build Orders:  

Get SALT Encoding   

  12  0:01  Probe (Chrono Boost)  
  13  0:12  Probe (Chrono Boost)  
  14  0:20  Pylon  
  14  0:22  Probe (Chrono Boost)  
  15  0:38  Probe (Chrono Boost)  
  15  0:40  Gateway  
  16  0:49  Probe (Chrono Boost)  
  17  0:50  Assimilator  
  17  0:59  Probe (Chrono Boost)  
  18  1:12  Probe (Chrono Boost)  
  19  1:23  Probe (Chrono Boost)  
  20  1:31  Cybernetics Core  
  20  1:42  Probe (Chrono Boost)  
  20  1:43  Pylon  
  21  1:53  Probe (Chrono Boost)  
  22  2:01  Nexus  
  22  2:07  Adept  
  24  2:09  Warp Gate  
  24  2:20  Mothership Core (Chrono Boost)  
  26  2:23  Assimilator  
  26  2:34  Adept  
  28  2:52  Probe (Chrono Boost)  
  29  3:01  Adept  
  31  3:13  Probe (Chrono Boost)  
  31  3:17  Pylon, Robotics Facility  
  32  3:20  Gateway x2  
  32  3:47  Assimilator  
  32  3:49  Probe x2 (Chrono Boost)  
  32  3:51  Assimilator  
  32  4:07  Observer (Chrono Boost)  
  32  4:08  Forge  
  35  4:31  Mothership Core  
  35  4:54  Adept  
  35  4:55  Adept x2  
  33  5:23  Probe  
  33  5:24  Probe  
Tags
 
Add a new tag
Caveats
  • Supply blocks, unpowered buildings, or Contaminate may cause inaccurate times.
  • Supply counts are checked every 10 seconds.